 Dungeon Crawl Stone Soup version 0.19-a0-36-g4a0968a (webtiles) character file.

28 M4edhros the Grave Robber (level 3, 0/21 HPs)
             Began as an Octopode Necromancer on May 3, 2016.
             Slain by a hobgoblin (5 damage)
             ... on level 3 of the Dungeon.
             The game lasted 00:01:35 (290 turns).

M4edhros the Grave Robber (Octopode Necromancer)     Turns: 290, Time: 00:01:36

Health: 0/21       AC:  1    Str:  7    XL:     3   Next: 14%
Magic:  3/6        EV: 12    Int: 17    God:
Gold:   27         SH:  0    Dex: 13    Spells: 2 memorised, 4 levels left

rFire  . . .     SeeInvis .       - Unarmed
rCold  . . .     Gourm    .     (no shield)
rNeg   . . .     Faith    .     (helmet restricted)
rPois  .         Spirit   .     (no amulet)
rElec  .         Dismiss  .     (no ring)
rCorr  .         Reflect  .     (no ring)
SustAt .         Harm     .     (no ring)
MR     .....                    (no ring)
Stlth  +++.......               (no ring)
                                (no ring)
                                (no ring)
                                (no ring)

@: lethally poisoned (0 -> -1), not resistant to hostile enchantments, fairly
stealthy
A: almost no armour, amphibious, 8 rings, constrict 8, camouflage 1, gelatinous
body 1
a: no special abilities


You were on level 3 of the Dungeon.
You were not hungry.

You visited 1 branch of the dungeon, and saw 3 of its levels.

You collected 27 gold pieces.

Inventory:

Books
 a - a book of Necromancy

   Spells                             Type                      Level
   a - Pain                           Necromancy                   1
   b - Animate Skeleton               Necromancy                   1
   c - Vampiric Draining              Necromancy                   3
   d - Regeneration                   Charms/Necromancy            3
   e - Animate Dead                   Necromancy                   4
   f - Control Undead                 Necromancy                   4
Comestibles
 b - a bread ration
 c - 5 chunks of flesh
 f - a meat ration


   Skills:
 - Level 2.0 Dodging
 - Level 2.6 Stealth
 + Level 2.6 Unarmed Combat
 - Level 2.0 Spellcasting
 - Level 4.0 Necromancy


You had 4 spell levels left.
You knew the following spells:

 Your Spells              Type           Power        Failure   Level  Hunger
a - Pain                  Necr           ###.         3%          1    #......
b - Animate Skeleton      Necr           N/A          3%          1    #......


Dungeon Overview and Level Annotations

Branches:
Dungeon (3/15)

Altars:


Innate Abilities, Weirdness & Mutations

You cannot wear most types of armour.
You are amphibious.
You can wear up to eight rings at the same time.
You can use your tentacles to constrict eight enemies at once.
Your skin changes colour to match your surroundings (Stealth).
Your rubbery body absorbs attacks (AC +1).


Message History

Increase (S)trength, (I)ntelligence, or (D)exterity?
You feel agile.
You feel sick. The hobgoblin barely misses you. x2
A giant newt comes into view.
You feel sick.
A hobgoblin comes into view.
Found 24 stones.
You aren't carrying any potions.
You aren't carrying any items that you can evoke.
Read which item? (? for menu, Esc to quit)
Okay, then.
You feel sick.
The hobgoblin shouts!
You see here 24 stones.
Read which item? (? for menu, Esc to quit)
As you read the scroll labeled TOTHRO ZEFEPS, it crumbles to dust.
It is a scroll of enchant weapon.
You aren't carrying any weapons that can be enchanted.
You feel sick. The hobgoblin hits you.
You die...

#.# .# .. #. ..
. #. .# #.##.
... ###... #g#
....... #@#
......... #g#
.........### #.#
.........$. #g#
..........####.#
...............#
...........#####
...........#
.........#.#


You could see 3 hobgoblins.

Vanquished Creatures
  2 adders (D:3)
  3 bats
  A giant cockroach (D:1)
  2 goblins (D:1)
  A giant newt (D:1)
  A kobold (D:1)
  2 rats (D:1)
12 creatures vanquished.

Notes
Turn   | Place    | Note
--------------------------------------------------------------
     0 | D:1      | M4edhros the Octopode Necromancer began the quest for the Orb.
     0 | D:1      | Reached XP level 1. HP: 11/11 MP: 3/3
    47 | D:1      | Learned a level 1 spell: Animate Skeleton
    54 | D:1      | Reached skill level 1 in Unarmed Combat
   120 | D:1      | Reached XP level 2. HP: 7/17 MP: 1/5
   278 | D:3      | Reached XP level 3. HP: 8/21 MP: 2/6
   290 | D:3      | Slain by a hobgoblin

Vault maps used:
D:1:      zaba_arrival_water
D:2:      yredelemnul_altar_generic, nicolae_overflow_crystal_walls
D:3:      ecumenical_altar_2, bloody_makhleb

Skill      XL: |  1  2 |
---------------+-------+-----
Unarmed Combat | 1 2 |  2.6
Dodging        | |  2.0
Stealth        | |  2.6
Spellcasting   | |  2.0
Necromancy     | |  4.0

Action                   || total
-------------------------++-------
Melee: Unarmed           ||    14
       Constrict         ||     4
       Tentacles         ||     2
 Cast: Animate Skeleton  ||     4
       Pain              ||    12
  Use: Potion            ||     2
       Scroll            ||     1
 Stab: Sleeping          ||     3
Armor: Skin              ||     2
Dodge: Dodged            ||    15
